cohdb
Replays
Latest Replays
All Replays
Popular Replays
Top Player Replays
Match Explorer
How It Works
Community
CoH3 Stats
Reddit
Sign in to upload your games and track your stats! →
Sign in with Steam
Match 46647179
Unlisted
Match 46647179
Overview
Messages
Build Orders
End
Selects Special Operations Battlegroup
Selects M29 Weasel Recon Vehicle
M29 Weasel Recon Vehicle
Construct Barracks
Riflemen Squad
Grenade Package
Riflemen Squad
Riflemen Squad
Infantry Support Center
Engineer Squad
Construct Tank Depot
Selects Raiding Flares
Mortar Pit
M4(105) Sherman Bulldozer
M18 Hellcat Tank Destroyer
M1918 Browning Automatic Rifles
Selects SSF Commando Squad
Selects P-47 Anti-Infantry Loiter
Selects UNKNOWN (2162291)
asktz
Tarsk
Sad Pepe
gio_misro
0
0
Comments
sign in to comment!
No comments posted yet!